 Dungeon Crawl Stone Soup version 0.32-a0-42-ga30500b4d3 (webtiles) character file.

Game seed: 1677268323560450206

70 horus123 the Magician (level 4, 0/24 HPs)
             Began as a Deep Elf Conjurer on Feb 1, 2024.
             Slain by a gnoll
             ... wielding a +0 halberd
              (10 damage)
             ... on level 2 of the Dungeon.
             The game lasted 00:01:51 (1276 turns).

horus123 the Magician (Deep Elf Conjurer)           Turns: 1276, Time: 00:01:51

Health: 0/24       AC:  2    Str:  4    XL:     4   Next: 4%
Magic:  11/14      EV: 12    Int: 25    God:
Gold:   54         SH:  0    Dex: 13    Spells: 12/15 levels left

rFire   . . .        d - staff of conjuration
rCold   . . .        (no shield)
rNeg    . . .        a - +0 robe
rPois   .            (no helmet)
rElec   .            (no cloak)
rCorr   .            (no gloves)
SInv    .            (no boots)
Will    .....        (no amulet)
Stlth   ++           (no ring)
HPRegen 0.24/turn    (no ring)
MPRegen 0.14/turn

%: no passive effects
@: no status effects
A: no striking features
a: no special abilities


You were on level 2 of the Dungeon.
You visited 1 branch of the dungeon, and saw 2 of its levels.

You collected 54 gold pieces.

Inventory:

Armour
 a - a +0 robe (worn)
Magical Staves
 d - a staff of conjuration (weapon)
Jewellery
 k - a ring of poison resistance
Talismans
 g - a flux talisman
Scrolls
 f - a scroll of vulnerability {unknown}
 h - a scroll of identify {unknown}
 j - a scroll of fog {unknown}
Potions
 b - a potion of magic
 c - a potion of haste {unknown}
 e - 2 potions of heal wounds {unknown}
 i - 2 potions of curing {unknown}


   Skills:
 - Level 2.4 Dodging
 - Level 2.4 Stealth
 + Level 6.0 Spellcasting
 - Level 4.3 Conjurations


You had 12 spell levels left.
You knew the following spells:

 Your Spells              Type           Power      Damage    Failure   Level
a - Magic Dart            Conj           100%       1d8       1%          1
b - Searing Ray           Conj           88%        2d7       1%          2

Your spell library contained the following spells:

 Spells                   Type           Power      Damage    Failure   Level
 Fulminant Prism          Conj/Alch      13%        3d8       30%         4
 Iskenderun's Mystic Bla  Conj/Tloc      27%        2d7       30%         4


Dungeon Overview and Level Annotations

Branches:
Dungeon (2/15)

Altars:


Message History

You now have 54 gold pieces (gained 10).
A gnoll comes into view. It is wielding a +0 whip.
You feel a surge of power!
The magic dart hits the gnoll.
The gnoll is moderately wounded.
You feel a surge of power!
The magic dart hits the gnoll.
The gnoll is heavily wounded.
Casting: Magic Dart (safe; 1% risk of failure)
Confirm with . or Enter, or press ? or * to list all spells.
Aiming: Searing Ray (safe; 1% risk of failure)
Press: ? - help, Shift-Dir - straight line, f/p - gnoll
Aim: a gnoll, wielding a +0 whip (heavily wounded, 84% to hit)
You feel a surge of power!
The searing ray hits the gnoll!
You kill the gnoll! (Press . to maintain the ray.) Unknown command.
You see here a +0 whip.
A gnoll comes into view. It is wielding a +0 flail.
The gnoll shouts!
The gnoll moves out of view.
Casting: Searing Ray (safe; 1% risk of failure)
Confirm with . or Enter, or press ? or * to list all spells.
Aiming: Searing Ray (safe; 1% risk of failure)
Press: ? - help, Shift-Dir - straight line, f - gnoll
Aim: a gnoll, wielding a +0 flail (84% to hit)
You feel a surge of power!
The searing ray hits the gnoll!
The gnoll is almost dead. (Press . to maintain the ray.)
A gnoll comes into view. It is wielding a +0 halberd.
The gnoll hits you with a +0 flail!
Ouch! That really hurt!
The searing ray hits the gnoll.
You kill the gnoll!
The gnoll hits you but does no damage.
Your Spellcasting skill increases to level 6!
You have reached level 4!
You feel clever.
You see here a +0 whip.
The gnoll attacks as it pursues you!
The gnoll hits you from afar with a +0 halberd!
You die...

#.###†####.###
#†# #.# #.#
#.# #.# #.#
#.# ... #.#
... #.#
##########.#
#..g.@.....#
#.########## #
#)# ###.#.#.#
......).#
......###
###.## #


You could see a gnoll.

Vanquished Creatures
  2 gnolls (D:2)
  An adder (D:2)
  A dart slug (D:1)
  3 ball pythons (D:1)
  4 bats
  4 endoplasms (D:1)
  3 giant cockroaches
  4 hobgoblins
  3 jackals (D:2)
  3 kobolds (D:1)
  4 frilled lizards (D:1)
  3 goblins
  2 rats (D:1)
37 creatures vanquished.

Notes
Turn   | Place    | Note
-------+----------+-------------------------------------------
     0 | D:1      | horus123 the Deep Elf Conjurer began the quest for the Orb.
     0 | D:1      | Reached XP level 1. HP: 10/10 MP: 6/6
   219 | D:1      | Reached skill level 4 in Spellcasting
   219 | D:1      | Reached XP level 2. HP: 15/15 MP: 6/9
   696 | D:1      | Reached XP level 3. HP: 19/19 MP: 8/11
   749 | D:1      | Reached skill level 5 in Spellcasting
  1033 | D:2      | Learned a level 2 spell: Searing Ray
  1269 | D:2      | Reached skill level 6 in Spellcasting
  1269 | D:2      | Reached XP level 4. HP: 8/24 MP: 10/14
  1276 | D:2      | Slain by a gnoll

Illustrated notes

Levels and vault maps discovered:
D:1:      dpeg_arrival_rhombi, layout_basic
D:2:      layout_loops_ring, basic_ecumenical_altar

Skill      XL: |  1  2  3 |
---------------+----------+-----
Spellcasting   | 4 6 |  6.0
Dodging        | |  2.4
Stealth        | |  2.4
Conjurations   | |  4.3

Action                     |  1- 3 |  4- 6 || total
---------------------------+-------+-------++-------
   Cast: Magic Dart        |    58 |       ||    58
         Searing Ray       |     2 |       ||     2
 Armour: Robe              |     4 |     1 ||     5
  Dodge: Dodged            |     1 |       ||     1

Table legend: (Time is in decaauts)
 A = Elapsed time spent in this place.
 B = Non-inter-level travel time spent in this place.
 C = Inter-level travel time spent in this place.
 D = Time resting spent in this place.
 E = Time spent auto-exploring this place.
 F = Levels seen in this place.
 G = Mean time per level.
                   A        B        C        D        E       F      G
               +--------+--------+--------+--------+--------+-----+--------+
         Total |   1275 |   1237 |     38 |      0 |   1094 |   2 |  637.5 |
       Dungeon |   1275 |   1237 |     38 |      0 |   1094 |   2 |  637.5 |
               +--------+--------+--------+--------+--------+-----+--------+

Top non-repeatable levels by time:
     D:1: 993 daAuts
     D:2: 281 daAuts
